 Dungeon Crawl Stone Soup version 0.14.1 (webtiles) character file.

7883 Infinimo the Basher (level 11, -1/60 HPs)
             Began as a Gargoyle Gladiator on Apr 29, 2014.
             Was a Follower of Ashenzari.
             Slain by a wraith (6 damage)
             ... on Level 10 of the Dungeon.
             The game lasted 00:26:49 (13409 turns).

Infinimo the Basher (Gargoyle Gladiator)           Turns: 13409, Time: 00:26:49

HP  -1/60        AC 22     Str 18      XL: 11   Next: 14%
MP  11/11        EV 10     Int 13      God: Ashenzari [*.....]
Gold 517         SH  0     Dex 10      Spells:  0 memorised, 10 levels left

rFire  . . .     SeeInvis .     j - +1 whip (freeze)
rCold  + . .     Clarity  +     u - +0 ring mail {rC+}
rNeg   + . .     Conserve .     (no shield)
rPois  +         rCorr    .     c - +0 helmet (curse)
rElec  +         rRot     +     w - +2 cloak (curse)
SustAb . .       Spirit   .     y - +1 pair of gloves
rMut   .         Warding  .     (no boots)
Saprov . . .     Stasis   .     l - cursed amulet of clarity
MR     .....                    (no ring)
                                (no ring)

@: not resistant to hostile enchantments, extremely unstealthy
A: life protection 1, electricity resistance, unbreathing, petrification
resistance, AC +7
a: Renounce Religion


You were on level 10 of the Dungeon.
You worshipped Ashenzari.
Ashenzari was aware of your devotion.
You were not hungry.

You visited 2 branches of the dungeon, and saw 11 of its levels.

You collected 517 gold pieces.

Inventory:

Hand weapons
 a - a +0,+0 flail
 j - a +1,+1 whip of freezing (weapon)
Missiles
 d - 3 throwing nets (quivered)
Armour
 c - a cursed +0 helmet (worn)
 u - a +0 ring mail of cold resistance (worn)
 w - a cursed +2 cloak (worn)
 y - a +1 pair of gloves (worn)
Magical devices
 n - a wand of polymorph (1)
 B - a wand of flame (11)
 D - a wand of fire (6)
Comestibles
 f - 5 bread rations
 g - 3 meat rations
 i - a rambutan
 x - a choko
 C - a snozzcumber
 L - a beef jerky
Scrolls
 h - 3 scrolls of fog
 p - 2 scrolls of enchant weapon I
 v - 2 scrolls of teleportation
 G - 2 scrolls of fear
 H - a scroll of curse jewellery
 I - a scroll of amnesia
 J - a scroll of identify
 K - a scroll of blinking
Jewellery
 l - a cursed amulet of clarity (around neck)
 z - an uncursed ring of flight
Potions
 b - 5 potions of curing
 e - 2 potions of brilliance
 m - a potion of confusion {unknown}
 o - a potion of degeneration {unknown}
 q - a potion of flight
 r - 2 potions of agility
 s - a potion of resistance {unknown}
 t - a potion of haste {unknown}
 A - a potion of poison {unknown}
 E - a potion of might
 F - a potion of lignification {unknown}
 M - a potion of restore abilities {unknown}


   Skills:
 + Level 3.8 Fighting
 * Level 14.6 Maces & Flails
 - Level 2.0 Throwing
 - Level 10.0 Armour
 - Level 2.4 Dodging


You had 10 spell levels left.
You didn't know any spells.

Dungeon Overview and Level Annotations

Branches:
Dungeon (10/15)            Temple (1/1) D:7             Orc (0/4) D:9
   Lair: D:8-11

Altars:
Ashenzari
Cheibriados
Elyvilon
Fedhas
Sif Muna
Trog
Xom
Zin

Shops:
D:4 =   D:5 !

Annotations:
D:8 bernadottes' ghost, experienced FoAK


Innate Abilities, Weirdness & Mutations

You are resistant to torment.
You are immune to poison.
You are immune to rotting.
Your stone body is very resilient (AC +7).
You resist negative energy.
You are resistant to electric shocks.
You can survive without breathing.
You are immune to petrification.


Message History

You freeze the gargoyle.
You destroy the gargoyle!
The wraith hits you!
* * * LOW HITPOINT WARNING * * *
You see here an uncursed mace.
The wraith hits you.
* * * LOW HITPOINT WARNING * * *
The wraith hits you.
* * * LOW HITPOINT WARNING * * *
Your ring mail prevents you from hitting the wraith.
The wraith hits you.
* * * LOW HITPOINT WARNING * * *
You freeze the wraith. You freeze the wraith. The wraith hits you.
* * * LOW HITPOINT WARNING * * *
The wraith hits you.
* * * LOW HITPOINT WARNING * * *
The wraith hits you.
You die...

######................
#............<.........
.#####...####.....#.# #...#
#.....# #...# #.....# #...#
#.....#. . # #.### #.....#..[
#.## #.# #.....#..
#...###.######@....#.# .#.
#...)(()..((.(#W...#.##....
#...###)#...........).......
#...###.#.....#....#.##...
#....................##.###
#...###.#........#...[....#
#..)# #.#.....%)(........<####
#...###.######())#...........?.
#...#...# #...#....)...####


You could see a wraith.

Vanquished Creatures
  Pikel (D:7)
  The ghost of ant87 the Chucker, an experienced TrHu (D:4)
  Maurice (D:8)
  A gargoyle (D:10)
  A troll (D:9)
  4 yaks
  A hill giant zombie (D:9)
  3 hungry ghosts
  A wyvern (D:9)
  A hippogriff (D:7)
  Menkaure (D:7)
  2 water moccasins (D:8)
  4 slaves
  4 orc warriors
  2 ice beasts
  2 sky beasts
  2 black bears
  4 ogres
  5 phantoms
  2 centaurs (D:8)
  Sigmund (D:3)
  2 big kobolds (D:10)
  Blork the orc (D:7)
  3 giant frogs
  2 scorpions (D:9)
  A troll zombie (D:9)
  2 goliath beetles (D:9)
  3 crimson imps
  A jelly (D:9)
  8 hounds
  A two-headed ogre zombie (D:6)
  10 orc priests
  Crazy Yiuf (D:3)
  6 orc wizards
  6 worker ants
  An iguana (D:5)
  4 ogre zombies (D:9)
  Ijyb (D:7)
  A hound skeleton (D:5)
  A scorpion zombie (D:7)
  A worker ant zombie (D:8)
  11 adders
  4 gnolls (D:6)
  An inept item mimic (D:3)
  A shadow imp (D:8)
  2 worms (D:8)
  An iguana skeleton (D:4)
  5 giant geckos
  44 orcs
  13 bats
  4 giant cockroaches
  14 goblins
  12 hobgoblins
  4 ball pythons
  A giant gecko zombie (D:6)
  3 giant newts (D:1)
  A giant newt skeleton (D:4)
  A giant spore (D:6)
  A goblin skeleton (D:9)
  4 goblin zombies (D:9)
  5 hobgoblin zombies (D:9)
  6 jackals
  25 kobolds
  2 orc skeletons (D:9)
  7 orc zombies (D:9)
  4 quokkas
  13 rats
  3 ballistomycetes (D:6)
292 creatures vanquished.

Vanquished Creatures (others)
  2 orcs (D:3)
2 creatures vanquished.

Grand Total: 294 creatures vanquished

Notes
Turn   | Place    | Note
--------------------------------------------------------------
     0 | D:1      | Infinimo, the Gargoyle Gladiator, began the quest for the Orb.
     0 | D:1      | Reached XP level 1. HP: 12/12 MP: 1/1
   228 | D:1      | Reached XP level 2. HP: 8/17 MP: 2/2
   385 | D:1      | Reached skill level 1 in Armour
   574 | D:1      | Reached skill level 4 in Maces & Flails
  1020 | D:1      | Reached XP level 3. HP: 17/21 MP: 3/3
  2549 | D:3      | Noticed Sigmund
  2551 | D:3      | Reached XP level 4. HP: 26/26 MP: 4/4
  2609 | D:3      | Killed Sigmund
  2609 | D:3      | Reached skill level 5 in Maces & Flails
  2609 | D:3      | Reached XP level 5. HP: 19/30 MP: 5/5
  3652 | D:3      | Reached skill level 6 in Maces & Flails
  3652 | D:3      | Reached XP level 6. HP: 24/35 MP: 6/6
  4279 | D:3      | Noticed Crazy Yiuf
  4289 | D:3      | Killed Crazy Yiuf
  4358 | D:4      | Reached skill level 7 in Maces & Flails
  4548 | D:4      | Reached XP level 7. HP: 40/40 MP: 7/7
  4748 | D:4      | Noticed ant87's ghost (experienced TrHu)
  5181 | D:4      | Reached skill level 8 in Maces & Flails
  5277 | D:4      | Killed ant87's ghost
  5277 | D:4      | Reached skill level 9 in Maces & Flails
  5277 | D:4      | Reached skill level 5 in Armour
  5277 | D:4      | Reached XP level 8. HP: 6/44 MP: 8/8
  5624 | D:4      | Found Xiude's Jewellery Shop.
  5697 | D:5      | Entered Level 5 of the Dungeon
  6247 | D:5      | Reached skill level 10 in Maces & Flails
  6660 | D:5      | Found Xeawyr's Distillery.
  6723 | D:5      | Reached XP level 9. HP: 30/48 MP: 9/9
  7451 | D:6      | Reached skill level 11 in Maces & Flails
  7688 | D:6      | You fall through a shaft!
  8047 | D:7      | Noticed Pikel
  8271 | D:7      | Found a staircase to the Ecumenical Temple.
  8301 | Temple   | Entered the Ecumenical Temple
  8353 | Temple   | Became a worshipper of Ashenzari the Shackled
  8388 | D:7      | Killed Pikel
  8411 | D:7      | Noticed Blork the orc
  8422 | D:7      | Killed Blork the orc
  8450 | D:7      | Noticed Ijyb
  8454 | D:7      | Noticed Menkaure
  8468 | D:7      | Killed Ijyb
  8752 | D:6      | Reached skill level 12 in Maces & Flails
  8916 | D:7      | Killed Menkaure
  9214 | D:8      | Noticed bernadottes' ghost (experienced FoAK)
  9284 | D:7      | Reached XP level 10. HP: 24/53 MP: 10/10
 10315 | D:8      | Noticed Maurice
 10342 | D:8      | Killed Maurice
 10342 | D:8      | Reached skill level 13 in Maces & Flails
 11332 | D:9      | Found a staircase to the Orcish Mines.
 11971 | D:9      | Reached skill level 14 in Maces & Flails
 12108 | D:8      | Reached skill level 10 in Armour
 12829 | D:9      | Reached XP level 11. HP: 31/59 MP: 11/11
 13139 | D:10     | Entered Level 10 of the Dungeon
 13409 | D:10     | Slain by a wraith

Action                   |  1- 3 |  4- 6 |  7- 9 | 10-12 || total
-------------------------+-------+-------+-------+-------++-------
Melee: Flail             |   126 |   212 |       |       ||   338
       Whip              |       |    70 |   841 |  1009 ||  1920
Evoke: Wand              |       |       |     3 |     3 ||     6
  Use: Scroll            |     8 |       |    11 |     5 ||    24
       Potion            |       |     6 |     1 |       ||     7
